 Dungeon Crawl Stone Soup version 0.30.1-4-g462c640d31 (webtiles) character file.

Game seed: 4182187012002274064

157 growler the Trooper (level 5, 0/44 HPs)
             Began as a Demonspawn Gladiator on Aug 12, 2023.
             Killed by divine providence
             ... invoked by an orc priest
              (11 damage)
             ... on level 3 of the Dungeon.
             The game lasted 00:03:16 (1977 turns).

growler the Trooper (Demonspawn Gladiator)          Turns: 1977, Time: 00:03:16

Health: 0/44       AC:  7    Str: 16    XL:     5   Next: 15%
Magic:  5/5        EV: 12    Int: 10    God:
Gold:   115        SH:  0    Dex: 14    Spells: 4/4 levels left

rFire   . . .        a - +0 flail
rCold   . . .        (no shield)
rNeg    . . .        b - +0 leather armour
rPois   .            c - +0 helmet
rElec   .            (no cloak)
rCorr   .            (no gloves)
SInv    .            (no boots)
Will    .....        (no amulet)
Stlth   +            (no ring)
HPRegen 0.27/turn    (no ring)
MPRegen 0.09/turn

%: no passive effects
@: no status effects
A: sharp scales 3
a: no special abilities


You were on level 3 of the Dungeon.
You visited 1 branch of the dungeon, and saw 3 of its levels.

You collected 115 gold pieces.

Inventory:

Hand Weapons
 a - a +0 flail (weapon)
Missiles
 d - 3 throwing nets (quivered)
 e - a javelin
Armour
 b - a +0 leather armour (worn)
 c - a +0 helmet (worn)
Jewellery
 g - a ring of willpower
Scrolls
 f - 3 scrolls of teleportation {unknown}
 h - a scroll of enchant weapon {unknown}
 j - 2 scrolls of poison {unknown}
 m - a scroll of fear {unknown}
Potions
 i - a potion of curing {unknown}
 k - a potion of might {unknown}
 l - a potion of heal wounds {unknown}


   Skills:
 + Level 5.4 Fighting
 - Level 2.6 Maces & Flails
 - Level 1.7 Throwing
 - Level 2.6 Dodging


You had 4 spell levels left.
You didn't know any spells.
Your spell library contained the following spells:

 Spells                   Type           Power      Damage    Failure   Level
 Lesser Beckoning         Tloc           0%         N/A       56%         2
 Gell's Gravitas          Tloc           0%         N/A       80%         3
 Teleport Other           Tloc           0%         N/A       80%         3


Dungeon Overview and Level Annotations

Branches:
Dungeon (3/15)

Altars:


Innate Abilities, Weirdness & Mutations

You are completely covered in razor-sharp scales. (AC +3, Slay +3)


Message History

You barely miss the orc priest.
The orc priest is heavily wounded.
The orc hits you from afar with a +0 trident.
The orc priest misses you.
The orc hits you from afar with a +0 trident.
You hit the orc.
The orc is almost dead.
The orc misses you. The orc hits you but does no damage.
You completely miss the orc.
The orc is almost dead.
The orc barely misses you. The orc priest barely misses you.
The orc hits you with a +1 mace of protection.
You barely miss the orc.
The orc is almost dead.
The orc priest looks braver for a moment.
The orc hits you but does no damage.
The orc hits you from afar with a +0 trident.
The rat closely misses you.
The orc priest hits you with a +0 flail.
The orc hits you from afar with a +0 trident.
The frilled lizard barely misses you. The rat barely misses you.
The orc hits you with a +1 mace of protection.
You closely miss the orc.
The orc is almost dead.
The frilled lizard closely misses you. The orc hits you but does no damage.
The rat closely misses you.
The orc priest invokes the aid of Beogh against you.
Beogh smites you!
The orc hits you with a +1 mace of protection.
* * * LOW HITPOINT WARNING * * *
The rat bites you.
* * * LOW HITPOINT WARNING * * *
The orc priest calls upon Beogh to heal the orc.
The orc is healed somewhat.
The frilled lizard attacks as you move away!
The frilled lizard bites you but does no damage.
The rat closely misses you.
The orc priest mumbles some strange prayers to Beogh against you.
Beogh smites you!
You die...

#................#
##.........†....##
#..
##.....#......##
... ########.#####
..#### #...#
...>..
###.######......
#.....#.......
#####.#.......
#@........
###lr.#.....
#..o..# <..
........o..# .
..##..#.o.###
.....##... ..#.#
..#.. ...#. ......
#. .. $......


You could see an orc priest, 2 orcs, a frilled lizard and a rat.

Vanquished Creatures
  Natasha (thrice) (D:2)
  4 adders (D:2)
  2 dart slugs
  A ball python (D:2)
  6 endoplasms
  5 giant cockroaches
  A hobgoblin (D:1)
  3 jackals (D:1)
  2 quokkas (D:1)
  2 bats (D:2)
  2 frilled lizards (D:2)
  5 goblins
  6 kobolds
  2 rats
44 creatures vanquished.

Notes
Turn   | Place    | Note
-------+----------+-------------------------------------------
     0 | D:1      | growler the Demonspawn Gladiator began the quest for the
                  | Orb.
     0 | D:1      | Reached XP level 1. HP: 16/16 MP: 1/1
   238 | D:1      | Gained mutation: You are partially covered in razor-sharp
                  | scales. (AC +1, Slay +1) [demonic ancestry]
   238 | D:1      | Reached XP level 2. HP: 22/23 MP: 2/2
   370 | D:1      | Reached skill level 3 in Fighting
  1086 | D:2      | Gained mutation: You are mostly covered in razor-sharp
                  | scales. (AC +2, Slay +2) [demonic ancestry]
  1086 | D:2      | Reached XP level 3. HP: 18/30 MP: 3/3
  1100 | D:2      | Reached skill level 4 in Fighting
  1269 | D:2      | Reached XP level 4. HP: 38/38 MP: 4/4
  1374 | D:2      | Noticed Natasha
  1377 | D:2      | Killed Natasha
  1470 | D:2      | Noticed Natasha
  1476 | D:2      | Killed Natasha
  1477 | D:2      | Reached skill level 5 in Fighting
  1484 | D:2      | Noticed Natasha
  1488 | D:2      | Killed Natasha
  1489 | D:2      | Gained mutation: You are completely covered in razor-sharp
                  | scales. (AC +3, Slay +3) [demonic ancestry]
  1489 | D:2      | Reached XP level 5. HP: 39/44 MP: 5/5
  1977 | D:3      | Killed from afar by an orc priest

Illustrated notes

Levels and vault maps discovered:
D:1:      ncdulo_lavacross, layout_basic, serial_bayou_lagoon_a
D:2:      layout_basic, chequers_serial_rivers_room_b, minmay_fractal_squares_5,
          uniq_natasha
D:3:      layout_rooms, nemelex_diamond_rough_becter,
          mainiacjoe_overflow_chevrons, nicolae_ecumenical_oubliette,
          serial_shops, nicolae_lakefront_shop

Skill      XL: |  1  2  3  4 |
---------------+-------------+-----
Fighting       | 3 4 5 |  5.4
Maces & Flails | |  2.6
Throwing       | |  1.7
Dodging        | |  2.6

Action                     |  1- 3 |  4- 6 || total
---------------------------+-------+-------++-------
  Melee: Flail             |    79 |    30 ||   109
         Punch             |     1 |       ||     1
   Stab: Sleeping          |     2 |       ||     2
 Armour: Leather armour    |    39 |    20 ||    59
  Dodge: Dodged            |    57 |    30 ||    87
